cohdb
Replays
Latest Replays
All Replays
Popular Replays
Top Player Replays
Match Explorer
How It Works
Community
CoH3 Stats
Reddit
Sign in to upload your games and track your stats! →
Sign in with Steam
Match 25894878
Unlisted
Match 25894878
Overview
Messages
Build Orders
End
Construct Barracks
Riflemen Squad
Riflemen Squad
Riflemen Squad
Infantry Support Center
Selects Advanced Infantry Battlegroup
Selects Convert to Ranger Squad
Convert to Ranger Squad
Selects Frontline Medical Station
Frontline Medical Station
Advanced Logistics
Convert to Ranger Squad
Construct Weapon Support Center
Selects Ranger Weapon Training
Survival Training
Convert to Ranger Squad
Improved M9 Bazooka Rockets
Ranger Squad
Ranger Squad
Frontline Medical Station
Eber
[OKO] Desola
jayrio
CPU - Experto
CPU - Experto
CPU - Experto
0
0
Comments
sign in to comment!
No comments posted yet!